 Dungeon Crawl Stone Soup version 0.25.0-65-g31bcc41 (webtiles) character file.

2492 Dorkslayer the Blocker (level 9, -11/84 HPs)
             Began as a Gargoyle Fighter on Nov 8, 2020.
             Was an Initiate of Okawaru.
             Mangled by Rupert
             ... wielding a +1 great sword of electrocution
              (16 damage)
             ... on level 2 of the Dungeon.
             The game lasted 00:05:06 (1087 turns).

Dorkslayer the Blocker (Gargoyle Fighter)           Turns: 1087, Time: 00:05:07

Health: -11/84     AC: 24    Str: 24    XL:     9   Next: 52%
Magic:  9/9        EV:  2    Int:  8    God:    Okawaru [......]
Gold:   74         SH: 11    Dex:  9    Spells: 8/8 levels left

rFire    . . .     SeeInvis .   a - +0 flail
rCold    . . .     Gourm    .   c - +0 shield
rNeg     + + +     Faith    .   (armour currently unavailable)
rPois    ∞         Spirit   .   (helmet currently unavailable)
rElec    .         Reflect  .   (cloak currently unavailable)
rCorr    .         Harm     .   (gloves currently unavailable)
MR       .....     NoTele   +   (boots currently unavailable)
Stlth    +.........             (no amulet)
HPRegen  0.24/turn              k - ring of flight
MPRegen  0.11/turn              (no ring)

@: tree-form
A: negative energy resistance 1, petrification resistance, rot immunity, AC +6
a: Renounce Religion


You were on level 2 of the Dungeon.
You worshipped Okawaru.
Okawaru was noncommittal.
You were not hungry.
You were a tree.
You visited 1 branch of the dungeon, and saw 2 of its levels.

You collected 74 gold pieces.

Inventory:

Hand Weapons
 a - a +0 flail (weapon)
Armour
 c - a +0 shield (worn)
 m - a +0 chain mail (melded)
 o - a +0 pair of boots (melded)
Jewellery
 k - a ring of flight (left branch)
Wands
 n - a wand of paralysis (2)
Scrolls
 g - 2 scrolls of random uselessness {unknown}
 h - 3 scrolls of identify
 j - 3 scrolls of remove curse
 l - 2 scrolls of teleportation {unknown}
Potions
 d - 4 potions of lignification
 e - 2 potions of ambrosia
Comestibles
 f - 8 rations


   Skills:
 + Level 6.7 Fighting
 + Level 7.1 Maces & Flails
 + Level 7.0 Armour
 + Level 1.5 Dodging
 + Level 0.1 Stealth
 + Level 8.0 Shields


You had 8 spell levels left.
You didn't know any spells.
Your spell library was empty.

Dungeon Overview and Level Annotations

Branches:
Dungeon (2/3)              Temple (0/1) D:1           Slime (0/1) D:2
 Vaults (0/1) D:2
  Swamp: D:2-3       Shoals: D:2-3        Snake: D:2-3       Spider: D:2-3
    Orc: D:2

Altars:
Cheibriados
Dithmenos
Elyvilon
Fedhas
Gozag
Hepliaklqana
Okawaru
Ru
Vehumet
Wu Jian
Yredelemnul
Zin
The Shining One

Annotations:
D:2 Rupert


Innate Abilities, Weirdness & Mutations

You are resistant to torment.
((Your stone body is resilient. (AC +6)))
You are immune to poison.
You resist negative energy. (rN+)
((You are resistant to electric shocks. (rElec)))
((You can survive without breathing.))
You are immune to petrification.
You are immune to rotting.


Message History

The centaur shoots an arrow.
You block the arrow.
Rupert hits you with a +1 great sword of electrocution.
* * * LOW HITPOINT WARNING * * *
The centaur shoots an arrow.
The arrow hits you.
* * * LOW HITPOINT WARNING * * *
As you read the scroll labeled JAOHEO ULLUEPTY, it crumbles to dust.
You cannot blink because you are held in place by your roots.
It was a scroll of blinking.
The tengu reaver shouts!
Rupert barely misses you.
The centaur shoots an arrow.
The arrow hits you but does no damage.
The tengu reaver gestures wildly while chanting.
You block Rupert's attack.
As you read the scroll labeled PEVOOWI AKLOW, it crumbles to dust.
It is a scroll of identify.
j - 3 scrolls of remove curse The centaur shoots an arrow.
You block the arrow.
The centaur shoots an arrow.
The arrow hits you but does no damage.
Rupert hits you with a +1 great sword of electrocution!
You die...

>.... ..... ......
...... ########
......#### #......#
$........######......#
..........ppppp@♣.h....#
.........Qpr#####....c.#
........##...#
######.>... ?.[....$
#.#..# ##..


pQ...... #.##...# .p..p..# #.. ##.# >.!p.... ##. ..# <.@..# ## ... .p@..# .. You
could see Rupert (berserk), a tengu reaver, 6 humans, a centaur, a howler monkey
and a quokka.

Vanquished Creatures
  A sky beast (D:1)
  An ogre (D:1)
  A bullfrog (D:1)
  A water moccasin skeleton (D:1)
  A howler monkey (D:1)
  A crimson imp (D:1)
  A quasit (D:1)
  A bullfrog skeleton (D:1)
  A worker ant (D:1)
  A killer bee zombie (D:1)
  A hound skeleton (D:1)
  A worker ant zombie (D:1)
  2 adders (D:1)
  2 ball pythons (D:1)
  A ball python skeleton (D:1)
17 creatures vanquished.

Notes
Turn   | Place    | Note
-------+----------+-------------------------------------------
     0 | D:1      | Dorkslayer the Gargoyle Fighter began the quest for the
                  | Orb.
     0 | D:1      | Reached XP level 1. HP: 14/14 MP: 1/1
    14 | D:1      | Found a basalt altar of Yredelemnul.
    74 | D:1      | Reached XP level 2. HP: 20/20 MP: 2/2
    74 | D:1      | Reached XP level 3. HP: 24/24 MP: 3/3
   145 | D:1      | Noticed a sky beast
   155 | D:1      | Killed a sky beast
   155 | D:1      | Reached skill level 5 in Fighting
   155 | D:1      | Reached skill level 5 in Armour
   155 | D:1      | Reached skill level 5 in Shields
   155 | D:1      | Reached XP level 4. HP: 31/31 MP: 4/4
   155 | D:1      | Reached XP level 5. HP: 35/35 MP: 5/5
   155 | D:1      | Reached XP level 6. HP: 40/40 MP: 6/6
   155 | D:1      | Reached XP level 7. HP: 44/44 MP: 7/7
   238 | D:1      | Found an opulent altar of Gozag.
   322 | D:1      | Reached skill level 6 in Shields
   322 | D:1      | Reached XP level 8. HP: 51/51 MP: 8/8
   327 | D:1      | Found a radiant altar of Vehumet.
   335 | D:1      | Found a white marble altar of Elyvilon.
   430 | D:1      | Found a glowing golden altar of the Shining One.
   447 | D:1      | Found a shadowy altar of Dithmenos.
   517 | D:1      | Found a snail-covered altar of Cheibriados.
   535 | D:1      | Reached skill level 5 in Maces & Flails
   535 | D:1      | Reached skill level 1 in Dodging
   574 | D:1      | Reached skill level 7 in Shields
   574 | D:1      | Reached XP level 9. HP: 33/56 MP: 9/9
   677 | D:1      | Found a hazy altar of Hepliaklqana.
   715 | D:1      | Found a glowing silver altar of Zin.
   715 | D:1      | Found an iron altar of Okawaru.
   719 | D:1      | Became a worshipper of Warmaster Okawaru
   767 | D:1      | Reached skill level 8 in Shields
   806 | D:1      | Found an ornate altar of the Wu Jian Council.
   816 | D:1      | Found a staircase to the Ecumenical Temple.
   831 | D:1      | Found a sacrificial altar of Ru.
   892 | D:1      | Found a blossoming altar of Fedhas.
  1006 | D:2      | Found a gate to the Vaults.
  1006 | D:2      | Noticed a tengu reaver
  1006 | D:2      | Noticed a centaur warrior
  1006 | D:2      | Noticed Rupert
  1006 | D:2      | Noticed an orc knight
  1064 | D:2      | Found a staircase to the Slime Pits.
  1085 | D:2      | HP: 4/84 [centaur/arrow (6)]
  1087 | D:2      | Mangled by Rupert

Skill      XL: |  1  2  3  4  5  6  7  8  9 |
---------------+----------------------------+-----
Fighting       | 5 6 |  6.7
Maces & Flails | 3 4 6 7 |  7.1
Armour         | 5 6 7 |  7.0
Shields        | 5 6 7 8 |  8.0
Dodging        | 1 |  1.5
Stealth        | |  0.1

Action                   |  1- 3 |  4- 6 |  7- 9 || total
-------------------------+-------+-------+-------++-------
Melee: Flail             |     8 |       |   133 ||   141
Evoke: Wand              |       |       |     1 ||     1
  Use: Potion            |     1 |       |     4 ||     5
       Scroll            |       |       |     2 ||     2
  Eat: Ration            |       |       |     1 ||     1
Armor: Scale mail        |     2 |       |       ||     2
       Chain mail        |     5 |       |    74 ||    79
       Skin              |       |       |     4 ||     4
Dodge: Dodged            |     1 |       |    41 ||    42
Block: Shield            |     3 |       |    93 ||    96
